 Seeded DCSS version 0.29.1-13-g9f3cf754e1 (webtiles) character file.

Game seed: 16245865983455551772 (custom seed)

7 OTABOTABOTAB the Shooter (level 2, 19/19 HPs)
             Began as an Octopode Hunter on Jan 24, 2023.
             Quit the game on level 1 of the Dungeon.
             The game lasted 00:00:47 (151 turns).

OTABOTABOTAB the Shooter (Octopode Hunter)           Turns: 151, Time: 00:00:48

Health: 19/19      AC:  1    Str: 10    XL:     2   Next: 0%
Magic:  2/2        EV: 13    Int: 16    God:
Gold:   874        SH:  0    Dex: 11    Spells: 1/1 levels left

rFire   . . .      SeeInvis .   c - +4 arbalest "Qagiodgh" {venom, rC+ Int+5 Dex-4}
rCold   + . .      Faith    .   (shield currently unavailable)
rNeg    . . .      Spirit   .   (helmet restricted)
rPois   .          Reflect  .   (no amulet)
rElec   .          Harm     .   (no ring)
rCorr   .          Rampage  .   (no ring)
Will    .....                   (no ring)
Stlth   +++.......              (no ring)
HPRegen 0.06/turn               (no ring)
MPRegen 0.08/turn               (no ring)
                                (no ring)
                                (no ring)

@: studying Transmutations
A: almost no armour, amphibious, 8 rings, camouflage 1, gelatinous body 1,
(nimble swimmer 1), tentacles
a: no special abilities


You were on level 1 of the Dungeon.
You visited 1 branch of the dungeon, and saw 1 of its levels.

You collected 874 gold pieces.

Inventory:

Hand Weapons
 a - a +0 shortbow
 c - the +4 arbalest "Qagiodgh" (weapon) {venom, rC+ Int+5 Dex-4}
   (You acquired it on level 1 of the Dungeon)

   Any ammunition fired from it poisons the flesh of those it strikes.
   Int:       It affects your intelligence (+5).
   Dex:       It affects your dexterity (-4).
   rC:        It protects you from cold.
Scrolls
 K - a scroll of immolation {!r}


   Skills:
 + Level 2.1 Fighting
 * Level 4.2 Ranged Weapons
 + Level 2.1 Dodging
 - Level 1.3 Stealth


You had one spell level left.
You didn't know any spells.
Your spell library was empty.

Dungeon Overview and Level Annotations

Branches:
Dungeon (1/15)

Altars:


Innate Abilities, Weirdness & Mutations

You cannot wear most types of armour.
You are amphibious.
You can wear up to eight rings at the same time.
Your skin changes colour to match your surroundings (Stealth+).
Your rubbery body absorbs attacks. (AC +1, EV +1)
((You are camouflaged when in or above water. (Stealth+)))
You have tentacles for arms and can constrict up to eight enemies at once.


Message History

Bad channel name for runrest: 'Jiyva says: Divide and consume' Welcome, OTABOTABOTAB the Octopode Hunter.
Game seed: 16245865983455551772 (custom seed)
Found a sling.
Found a staircase leading out of the dungeon.
Found an escape hatch in the floor.
Found an escape hatch in the floor.
A goblin comes into view. It is wielding a +0 dagger.
You shoot an arrow. The arrow hits the goblin!
You kill the goblin!
No target in view!
No target in view!
No target in view!
A quokka comes into view.
You shoot an arrow. The arrow hits the quokka.
You shoot an arrow.
The arrow hits the quokka but does no damage.
The quokka misses you.
You shoot an arrow.
The arrow hits the quokka but does no damage.
The quokka bites you but does no damage.
You shoot an arrow. The arrow closely misses the quokka.
The quokka bites you. The quokka barely misses you.
You take 1 damage, and have 13/14 hp.
You shoot an arrow. The arrow barely misses the quokka.
The quokka bites you.
You take 3 damage, and have 10/14 hp.
MASSIVE DAMAGE!!
Fire: a) +0 shortbow
Aim: a quokka (severely wounded, 51% to hit)
You shoot an arrow. The arrow barely misses the quokka.
The quokka misses you. The quokka barely misses you.
Fire: a) +0 shortbow
Aim: a quokka (severely wounded, 51% to hit)
You shoot an arrow. The arrow misses the quokka.
The quokka misses you. The quokka closely misses you.
Fire: a) +0 shortbow
Aim: a quokka (severely wounded, 51% to hit)
You shoot an arrow.
The arrow hits the quokka but does no damage.
The quokka misses you.
Fire: a) +0 shortbow
Aim: a quokka (severely wounded, 51% to hit)
You shoot an arrow. The arrow hits the quokka!
You kill the quokka!
Fire: a) +0 shortbow Really target yourself?
Okay, then.
An endoplasm comes into view.
Health restored: 14 An endoplasm is nearby!
You shoot an arrow. The arrow hits the endoplasm.
You kill the endoplasm!
No target in view!
No target in view!
No target in view!
b - 3 scrolls labelled WAC GOIFOFITOUPLEC This is a scroll of acquirement!
Something appears before you!
c - the +4 arbalest "Qagiodgh" {venom, rC+ Int+5 Dex-4} You feel clever.
You feel clumsy.
The +4 arbalest "Qagiodgh" {venom, rC+ Int+5 Dex-4} begins to drip with poison!
c - the +4 arbalest "Qagiodgh" (weapon)
{venom, rC+ Int+5 Dex-4} You see here a manual of Transmutations.
Something appears before you!
You pick up a manual of Transmutations and begin studying.
Something appears before you!
You now have 874 gold pieces.
A quokka comes into view.
A quokka is nearby!
You shoot a bolt. The bolt hits the quokka.
The quokka is poisoned.
You kill the quokka!
No target in view!
An endoplasm comes into view.
You shoot a bolt. The endoplasm quivers.
The bolt hits the endoplasm.
You shoot a bolt. The bolt hits the endoplasm!
You kill the endoplasm!
You have reached level 2!
Health restored: 19; MP restored: 2 You aren't carrying any wearable armour.
Unknown command.

# .# #.#
######..####.
#....@.......
.......#..#.....#.
#.##...#..#.....#
#...###.##...##
#... #..#...#...#
#..# ##.##.##....
#..#). #..#!#....#
#.##...##.###....#
#.... #..#.....#


There were no monsters in sight!

Vanquished Creatures
  2 endoplasms (D:1)
  A goblin (D:1)
  2 quokkas (D:1)
5 creatures vanquished.

Notes
Turn   | Place    | Note
-------+----------+-------------------------------------------
     0 | D:1      | OTABOTABOTAB the Octopode Hunter began the quest for the
                  | Orb.
     0 | D:1      | Reached XP level 1. HP: 14/14 MP: 1/1
   138 | D:1      | Identified 3 scrolls of acquirement
   138 | D:1      | Acquired the +4 arbalest "Qagiodgh" {venom, rC+ Int+5
                  | Dex-4}
   141 | D:1      | Acquired a manual of Transmutations
   143 | D:1      | Acquired 874 gold pieces
   151 | D:1      | Reached XP level 2. HP: 19/19 MP: 2/2
   151 | D:1      | Quit the game

Illustrated notes

Levels and vault maps discovered:
D:1:      minmay_arrival_hallway, layout_loops_corners, basic_ecumenical_altar,
          minmay_unequal

Action                   || total
-------------------------++-------
 Fire: Shortbow          ||    11
       Arbalest          ||     3
  Use: Scroll            ||     3
Armor: Skin              ||     1
Dodge: Dodged            ||     7

Table legend: (Time is in decaauts)
 A = Elapsed time spent in this place.
 B = Non-inter-level travel time spent in this place.
 C = Inter-level travel time spent in this place.
 D = Time resting spent in this place.
 E = Time spent auto-exploring this place.
 F = Levels seen in this place.
 G = Mean time per level.
                   A        B        C        D        E       F      G
               +--------+--------+--------+--------+--------+-----+--------+
         Total |    155 |    155 |      0 |      0 |    122 |   1 |  155.0 |
       Dungeon |    155 |    155 |      0 |      0 |    122 |   1 |  155.0 |
               +--------+--------+--------+--------+--------+-----+--------+

Top non-repeatable levels by time:
     D:1: 155 daAuts

Table legend:
 A = Kills in this place as a percentage of kills in entire the game.
 B = Kills by you in this place as a percentage of kills by you in the entire game.
 C = Kills by friends in this place as a percentage of kills by friends in the entire game.
 D = Other kills in this place as a percentage of other kills in the entire game.
 E = Experience gained in this place as a percentage of experience gained in the entire game.
 F = Experience gained in this place divided by the number of levels of this place that you have seen.
                   A       B       C       D       E      F
               +-------+-------+-------+-------+-------+----------------------
         Total | 100.0 | 100.0 |   N/A |   N/A | 100.0 |  10.0
       Dungeon | 100.0 | 100.0 |   N/A |   N/A | 100.0 |  10.0
               +-------+-------+-------+-------+-------+----------------------
